AoeStats
← ckolvik

African Clearing

504814900Analyzed
4v4 RM · 26d ago on Sep 6, 2026· 54m 16s· 8 players
Game mode
Random Map
Map size
Large (8 player)
Population
200
Speed
Normal
Resources
Standard
Victory
Conquest
Starting age
Dark Age
Ending age
Imperial Age
RankedLock teamsTeams togetherTeam positionsShared explorationLock speedFull tech treeHidden civsTurbo modeCheats
Victory
Defeat
🇵🇪 Inca · Peru
1035
+14
🇫🇷 Huns · France
994
+16
🇦🇷 Cumans · Argentina
983
+16
🇩🇪 Khmer · Germany
951
+18
🇲🇽 Khmer · Mexico
1030
-17
🇹🇷 Shu · Türkiye
1018
-17
🇳🇴 Britons · Norway
1000
-16
🇲🇽 Hindustanis · Mexico
931
-14
Dearboy
4:08 Loom
15:43 Feudal Age
17:39 Wheelbarrow
16:52 Double-Bit Axe
18:03 Gold Mining
20:41 Horse Collar
26:11 Castle Age
25:09 Stone Mining
26:23 Scale Barding Armor
27:41 Forging
27:37 Heavy Plow
27:56 Town Watch
28:38 Chain Barding Armor
29:21 Bow Saw
31:09 Hand Cart
34:41 Steppe Husbandry
37:33 Imperial Age
35:04 Light Cavalry
35:55 Bloodlines
36:26 Iron Casting
35:42 Fletching
35:53 Padded Archer Armor
38:48 Gold Shaft Mining
39:21 Chemistry
38:42 Ballistics
38:59 Plate Barding Armor
39:24 Blast Furnace
38:21 Bodkin Arrow
38:41 Leather Archer Armor
38:00 Cavalier
38:06 Elite Kipchak
41:08 Crop Rotation
41:48 Two-Man Saw
41:03 Paladin
44:31 Hoardings
44:20 Conscription
43:31 Sappers
44:37 Hoardings
44:40 Hussar
45:17 Heated Shot
45:38 Masonry
51:23 Elite Steppe Lancer
51:36 Sappers
52:42 Hoardings
52:31 Conscription
52:47 Hoardings
52:31 Atonement
52:41 Fervor
52:29 Herbal Medicine
52:34 Devotion
51:57 Pikeman
52:37 Squires
52:22 Arson
52:00 Man-at-Arms
53:02 Sanctity
52:19 Sappers
52:50 Cuman Mercenaries
52:34 Halberdier
54:03 Heavy Cavalry Archer
55:08 Parthian Tactics
54:06 Crossbowman
54:52 Thumb Ring
54:09 Elite Skirmisher
schmidmaseb
14:42 Feudal Age
17:30 Castle Age
15:58 Double-Bit Axe
17:26 Horse Collar
19:06 Heavy Plow
22:34 Bow Saw
25:02 Gold Mining
26:29 Wheelbarrow
27:21 Gold Shaft Mining
27:15 Husbandry
27:32 Scale Barding Armor
33:36 Imperial Age
31:27 Hand Cart
31:00 Loom
32:49 Chain Barding Armor
32:43 Bloodlines
33:21 Town Watch
33:32 Stone Mining
34:06 Tusk Swords
35:05 Plate Barding Armor
34:43 Forging
34:03 Elite Battle Elephant
36:11 Crop Rotation
36:34 Conscription
37:14 Iron Casting
41:19 Blast Furnace
40:44 Ballistics
41:46 Chemistry
41:47 Siege Engineers
42:20 Heavy Scorpion
42:26 Capped Ram
43:22 Siege Ram
53:49 Spies/Treason
AdGloriam
13:24 Feudal Age
11:45 Loom
14:34 Double-Bit Axe
20:24 Castle Age
18:18 Fletching
23:47 Pikeman
26:17 Scale Mail Armor
26:27 Forging
26:16 Bodkin Arrow
26:22 Bodkin Arrow
26:43 Thumb Ring
38:46 Padded Archer Armor
40:38 Wheelbarrow
39:48 Town Watch
41:46 Ballistics
46:15 Imperial Age
46:27 Heavy Cavalry Archer
47:36 Parthian Tactics
48:19 Chemistry
50:37 Bracer
50:53 Leather Archer Armor
51:17 Bow Saw
51:45 Bloodlines
51:36 Husbandry
51:52 Town Patrol
52:08 Hand Cart
52:25 Gold Mining
52:29 Stone Mining
54:52 Scale Barding Armor
55:01 Masonry
jairo
12:41 Loom
15:08 Feudal Age
19:56 Castle Age
18:16 Double-Bit Axe
18:51 Horse Collar
22:31 Heavy Plow
28:34 Forging
30:11 Wheelbarrow
29:21 Town Watch
36:10 Imperial Age
35:25 Gold Mining
35:27 Stone Mining
35:51 Bow Saw
37:52 Stone Shaft Mining
37:54 Iron Casting
37:19 Scale Mail Armor
37:52 Crop Rotation
38:00 Gold Shaft Mining
36:59 Capped Ram
37:58 Arson
38:49 Siege Ram
41:16 Elite Kamayuk
42:18 Conscription
44:04 Blast Furnace
43:19 Chain Mail Armor
43:05 Padded Archer Armor
42:55 Fletching
43:19 Siege Engineers
43:10 Murder Holes
44:15 Chemistry
43:36 Ballistics
44:10 Redemption
46:00 Hand Cart
45:46 Town Patrol
45:50 Squires
45:11 Pikeman
45:11 Champi Runner
46:24 Plate Mail Armor
46:09 Fortified Wall
46:09 Masonry
45:50 Guard Tower
45:45 Arrowslits
45:23 Heavy Scorpion
46:06 Andean Sling
47:04 Fabric Shields
51:54 Halberdier
51:54 Champi Warrior
52:15 Sappers
53:20 Hoardings
53:26 Keep
53:12 Shipwright
52:36 Treadmill Crane
53:31 Keep
52:57 Bodkin Arrow
53:18 Leather Archer Armor
54:04 Spies/Treason
54:14 Spies/Treason
ULG_1
15:27 Feudal Age
19:37 Castle Age
30:36 Man-at-Arms
31:19 Scale Mail Armor
33:55 Long Swordsman
33:55 Pikeman
34:36 Squires
39:52 Forging
39:57 Chain Mail Armor
monckeyrivers
9:14 Loom
14:32 Feudal Age
18:13 Castle Age
16:06 Horse Collar
17:16 Double-Bit Axe
17:33 Stone Mining
17:34 Gold Mining
18:34 Wheelbarrow
22:18 Bow Saw
26:22 Heavy Plow
28:24 Scale Barding Armor
29:18 Forging
30:14 Husbandry
31:15 Bloodlines
36:21 Chain Barding Armor
40:05 Imperial Age
38:48 Iron Casting
40:12 Light Cavalry
44:43 Plate Barding Armor
45:17 Blast Furnace
ckolvik
4:11 Loom
15:56 Feudal Age
18:56 Wheelbarrow
21:52 Castle Age
22:44 Double-Bit Axe
24:40 Bow Saw
26:08 Elite Skirmisher
27:32 Stone Mining
27:34 Gold Mining
30:27 Fletching
33:05 Hand Cart
36:10 Imperial Age
34:01 Padded Archer Armor
36:28 Yeomen
36:27 Leather Archer Armor
36:07 Bodkin Arrow
36:42 Squires
37:15 Conscription
37:22 Horse Collar
37:15 Elite Longbowman
39:24 Ring Archer Armor
38:54 Bracer
40:04 Ballistics
44:05 Gold Shaft Mining
44:12 Treadmill Crane
44:38 Siege Engineers
44:46 Fortified Wall
44:47 Masonry
44:44 Scale Mail Armor
44:54 Forging
44:48 Heavy Plow
Feed Me
5:53 Loom
15:36 Feudal Age
25:56 Castle Age
23:59 Fletching
24:10 Padded Archer Armor
25:01 Wheelbarrow
25:26 Arson
26:05 Stone Mining
26:51 Pikeman
27:31 Squires
27:19 Gambesons
27:53 Double-Bit Axe
33:57 Husbandry
35:14 Hand Cart
37:04 Forging
37:00 Scale Barding Armor
40:35 Imperial Age
39:27 Town Watch
41:27 Ballistics
41:18 Fortified Wall
42:35 Chemistry
41:31 Murder Holes
41:03 Heavy Hei Guang Cavalry
42:53 Town Patrol
43:35 Chain Barding Armor
44:36 Hoardings
46:51 Conscription
46:33 Halberdier
Connection lost

Rejoining the realm…

Still unreachable

The connection could not be restored.

Session expired

The server has moved on; the page needs a fresh start.